 Dungeon Crawl Stone Soup version 0.29.1-12-g30fa7ad0bf (webtiles) character file.

Game seed: 13167585657933841024

814 Sanktem7 the Trooper (level 7, 0/67 HPs)
             Began as a Minotaur Fighter on Dec 16, 2022.
             Slain by a wight
             ... wielding a +1 dire flail
              (10 damage)
             ... on level 4 of the Dungeon.
             The game lasted 00:05:23 (3187 turns).

Sanktem7 the Trooper (Minotaur Fighter)             Turns: 3187, Time: 00:05:24

Health: 0/67       AC:  7    Str: 23    XL:     7   Next: 62%
Magic:  6/6        EV:  9    Int:  5    God:
Gold:   131        SH:  4    Dex:  9    Spells: 6/6 levels left

rFire   . . .      SeeInvis .   a - +0 war axe {axe}
rCold   . . .      Faith    .   c - +0 buckler
rNeg    + . .      Spirit   .   b - +0 scale mail
rPois   .          Reflect  .   (helmet restricted)
rElec   .          Harm     .   (no cloak)
rCorr   .          Rampage  .   (no gloves)
Will    .....                   (no boots)
Stlth   ..........              (no amulet)
HPRegen 0.21/turn               g - ring of positive energy
MPRegen 0.10/turn               (no ring)

@: no status effects
A: horns 2, retaliatory headbutt
a: no special abilities


You were on level 4 of the Dungeon.
You visited 1 branch of the dungeon, and saw 4 of its levels.

You collected 131 gold pieces.


Innate Abilities, Weirdness & Mutations

You have a pair of horns on your head.
You reflexively headbutt those who attack you in melee.


   Skills:
 * Level 7.9 Fighting
 * Level 7.1 Axes
 - Level 5.0 Armour
 - Level 3.6 Shields


You had 6 spell levels left.
You didn't know any spells.
Your spell library contained the following spells:

 Spells                   Type           Power      Damage    Failure   Level
 Apportation              Tloc           0%         N/A       86%         1
 Necrotise                Necr           0%         1d4       86%         1
 Summon Small Mammal      Summ           0%         N/A       86%         1
 Call Canine Familiar     Summ           0%         N/A       99%         3
 Confusing Touch          Hex            0%         N/A       99%         3
 Dazzling Flash           Conj/Hex       0%         N/A       99%         3
 Gell's Gravitas          Tloc           0%         N/A       99%         3
 Lesser Beckoning         Tloc           0%         N/A       99%         3
 Ozocubu's Armour         Ice            0%         N/A       99%         3
 Portal Projectile        Hex/Tloc       0%         N/A       99%         3
 Teleport Other           Tloc           0%         N/A       99%         3
 Iskenderun's Mystic Bla  Conj/Tloc      0%         2d3       100%        4
 Leda's Liquefaction      Hex/Erth       0%         N/A       100%        4
 Yara's Violent Unravell  Hex/Tmut       0%         3d3       100%        5
 Starburst                Conj/Fire      0%         6d3       100%        6
 Enfeeble                 Hex            0%         N/A       100%        7
 Ozocubu's Refrigeration  Ice            0%         4d7       100%        7

Inventory:

Hand Weapons
 a - a +0 war axe (weapon) {axe}
 k - a +2 hand axe of freezing {axe}
   (You found it on level 4 of the Dungeon)
Missiles
 e - 24 stones (quivered) {throwing}
 f - 6 poisoned darts {throwing}
Armour
 b - a +0 scale mail (worn)
 c - a +0 buckler (worn)
Jewellery
 g - a ring of positive energy (left hand)
   (You found it on level 1 of the Dungeon)
Scrolls
 h - 3 scrolls of immolation {unknown}
 i - 2 scrolls of teleportation {unknown}
 j - 4 scrolls of amnesia {unknown}
 l - a scroll of poison {unknown}
 m - 5 scrolls of identify {unknown}
 n - a scroll of enchant armour {unknown}
 q - a scroll of silence {unknown}
Potions
 d - 2 potions of might
 o - 2 potions of heal wounds {unknown}
 p - 3 potions of curing {unknown}

Dungeon Overview and Level Annotations

Branches:
Dungeon (4/15) Zot: 20762  Temple (0/1) D:4

Altars:
Trog

#.####.........##.#...#.#
#.......###.....#.##.##.#
##.###..............>...#
#..###...#......####.####
####..##.....#....#####.#
............###.........#
.).)...†.....#...########
....P...P..#..##.#
..PPPPPPP....###@#
..PP.......### #z#
..PP.......# ##z##
..PP..####.# #...#
..PP..# .# #...# ..PP..#
.# #......... .... .#
#....###.# .. .. ....?..
.. .........


You could see 2 wights.


Message History

A wight comes into view.
It is wielding a +2 long sword of freezing.
Found a stone staircase leading up.
A wight comes into view. It is wielding a +1 dire flail.
The wight hits you but does no damage.
You hit the wight but do no damage. The wight hits you with a +0 dagger.
You partially resist.
You feel drained. The hobgoblin hits you. 😕 HP[-5]
You now have 65 max hp (-1).
You take 5 damage, and now have 61/65 hp.
The hobgoblin attacks as you move away!
The hobgoblin hits you but does no damage.
The wight barely misses you. You furiously retaliate!
You headbutt the wight. The hobgoblin attacks as you move away!
The hobgoblin hits you but does no damage.
The wight attacks as you move away! The wight barely misses you.
You furiously retaliate!
You headbutt the wight! The wight attacks as you move away!
The wight hits you with a +3 flail! You partially resist.
You feel drained. 😮 HP[-14]
You now have 64 max hp (-1).
You take 14 damage, and now have 47/64 hp.
MASSIVE DAMAGE!! (PAUSE)
You barely miss the wight. You block the wight's attack. 😮 HP[+1]
You hit the wight but do no damage. The wight closely misses you.
You slash the wight!
You destroy the wight!
Your life force feels restored.
You now have 66 max hp (+2).
You slash the hobgoblin!
You kill the hobgoblin!
Things that are here:
a +3 flail {mace}; a +0 robe; 😮 HP[+1]
You barely miss the wight. Your headbutt misses the wight.
The wight hits you but does no damage. You block the wight's attack.
You hit the wight but do no damage. The wight barely misses you.
You furiously retaliate!
You headbutt the wight, but do no damage.
You closely miss the wight. Your headbutt misses the wight.
The wight hits you with a +0 dagger. You partially resist.
You feel drained. 😮 HP[-6]
You now have 65 max hp (-1).
You take 6 damage, and now have 43/65 hp.
The wight attacks as you move away!
The wight hits you but does no damage. 😮 HP[+1]
You slash the wight!
The wight hits you with a +0 dagger! 😮 HP[-7]
You take 7 damage, and now have 37/65 hp.
You hit the wight but do no damage. The wight hits you with a +0 dagger.
You partially resist.
You feel drained. 😮 HP[-3]
You now have 64 max hp (-1).
You take 3 damage, and now have 34/64 hp.
You slash the wight!
You destroy the wight!
Your life force feels restored. 😮 HP[+1]
You now have 67 max hp (+3).
You slash the wight!
The wight hits you with a +2 long sword of freezing.
* * * LOW HITPOINT WARNING * * *
The wight freezes you.
* * * LOW HITPOINT WARNING * * *
The wight hits you with a +2 long sword of freezing.
* * * LOW HITPOINT WARNING * * *
The wight freezes you.
* * * LOW HITPOINT WARNING * * *
😨 HP[-12]
You take 12 damage, and now have 23/67 hp.
You closely miss the wight. You block the wight's attack.
You closely miss the wight.
The wight hits you with a +2 long sword of freezing.
* * * LOW HITPOINT WARNING * * *
The wight freezes you.
* * * LOW HITPOINT WARNING * * *
😱 HP[-8]
You take 8 damage, and now have 15/67 hp.
You hit the wight but do no damage.
The wight hits you with a +2 long sword of freezing.
* * * LOW HITPOINT WARNING * * *
You partially resist.
You feel drained. The wight freezes you.
* * * LOW HITPOINT WARNING * * *
😱 HP[-5]
You now have 66 max hp (-1).
You take 5 damage, and now have 10/66 hp.
You hit the wight.
You destroy the wight!
Your life force feels restored.
Your Axes skill increases to level 7!
You now have 67 max hp (+1).
You slash the wight!
The wight hits you with a +1 dire flail!
You die...

Skill      XL: |  1  2  3  4  5  6  7 |
---------------+----------------------+-----
Fighting       | 4 5 7 |  7.9
Axes           | 3 4 5 6 7 |  7.1
Armour         | 4 5 |  5.0
Shields        | |  3.6

Action                   |  1- 3 |  4- 6 |  7- 9 || total
-------------------------+-------+-------+-------++-------
Melee: War axe           |    58 |    72 |    47 ||   177
       Headbutt          |     8 |     8 |     5 ||    21
Armor: Scale mail        |    33 |    27 |    15 ||    75
Dodge: Dodged            |    31 |    27 |    27 ||    85
Block: Buckler           |     8 |    13 |    11 ||    32

Levels and vault maps discovered:
D:1:      dpeg_arrival_round_a, layout_basic, basic_ecumenical_altar
D:2:      layout_rooms, uniq_sigmund
D:3:      layout_basic, general_overflow_altar, uniq_grinder, uniq_terence
D:4:      layout_loops_cross, mainiacjoe_overflow_chevrons, temple_fountains,
          serial_rivers, chequers_serial_rivers_micro_e,
          chequers_serial_rivers_large_b, chequers_serial_rivers_large_a,
          chequers_serial_rivers_micro_c

Notes
Turn   | Place    | Note
-------+----------+-------------------------------------------
     0 | D:1      | Sanktem7 the Minotaur Fighter began the quest for the Orb.
     0 | D:1      | Reached XP level 1. HP: 19/19 MP: 0/0
     0 | D:1      | magus.rc [v1.9.6]
    59 | D:1      | Reached XP level 2. HP: 11/27 MP: 1/1
   249 | D:1      | You pick up a book of Spectacle and begin reading...
   249 | D:1      | You add the spells Dazzling Flash, Iskenderun's Mystic
                  | Blast and Starburst to your library.
   255 | D:1      | You add the spells Ozocubu's Armour and Ozocubu's
                  | Refrigeration to your library.
   269 | D:1      | Found a faded altar of an unknown god.
   275 | D:1      | Reached skill level 4 in Fighting
   322 | D:1      | Reached skill level 3 in Axes
   413 | D:1      | You pick up a book of the Hunter and begin reading...
   413 | D:1      | You add the spells Call Canine Familiar, Portal Projectile
                  | and Leda's Liquefaction to your library.
   509 | D:1      | You pick up a book of Cantrips and begin reading...
   509 | D:1      | You add the spells Necrotise, Summon Small Mammal and
                  | Apportation to your library.
   861 | D:2      | Reached skill level 4 in Armour
   884 | D:2      | Reached XP level 3. HP: 31/33 MP: 2/2
   916 | D:2      | You pick up a book of Displacement and begin reading...
   916 | D:2      | You add the spells Lesser Beckoning, Gell's Gravitas and
                  | Teleport Other to your library.
  1080 | D:2      | Noticed Sigmund
  1093 | D:2      | Killed Sigmund
  1094 | D:2      | Reached skill level 5 in Fighting
  1094 | D:2      | Reached skill level 4 in Axes
  1094 | D:2      | Reached XP level 4. HP: 19/42 MP: 3/3
  1094 | D:2      | Reached XP level 5. HP: 22/48 MP: 4/4
  1430 | D:3      | Reached skill level 5 in Axes
  1719 | D:3      | Reached XP level 6. HP: 57/57 MP: 5/5
  1861 | D:3      | Found a bloodstained altar of Trog.
  1909 | D:3      | Noticed Terence
  1916 | D:3      | Killed Terence
  1917 | D:3      | Reached skill level 6 in Fighting
  2595 | D:3      | Noticed Grinder
  2598 | D:3      | Paralysed by Grinder for 4 turns
  2610 | D:3      | Killed Grinder
  2611 | D:3      | Reached skill level 6 in Axes
  2611 | D:3      | Reached skill level 5 in Armour
  2826 | D:4      | Found a staircase to the Ecumenical Temple.
  2832 | D:4      | Reached skill level 7 in Fighting
  2832 | D:4      | Reached XP level 7. HP: 56/66 MP: 6/6
  2917 | D:4      | You pick up a book of Misfortune and begin reading...
  2917 | D:4      | You add the spells Confusing Touch, Yara's Violent
                  | Unravelling and Enfeeble to your library.
  3184 | D:4      | HP: 15/67 [wight/+2 long sword of freezing (3)]
  3187 | D:4      | Reached skill level 7 in Axes
  3187 | D:4      | Slain by a wight

Vanquished Creatures
  Grinder (D:3)
  Sigmund (D:2)
  A phantom (D:4)
  A scorpion (D:4)
  3 wights (D:4)
  An orc wizard (D:3)
  Terence (D:3)
  An adder (D:3)
  A white imp (D:3)
  An ufetubus (D:4)
  3 worms (D:2)
  3 dart slugs
  12 orcs
  4 bats
  5 endoplasms
  3 giant cockroaches
  4 goblins
  11 hobgoblins
  3 jackals (D:1)
  3 quokkas
  8 ball pythons
  A frilled lizard (D:2)
  2 kobolds (D:2)
  2 rats (D:3)
76 creatures vanquished.

Vanquished Creatures (others)
  5 fungi (D:4)
5 creatures vanquished.

Grand Total: 81 creatures vanquished

Table legend:
 A = Non-vault XP
 B = Vault XP
 C = Vault XP percentage of total XP
 D = Non-vault monster count
 E = Vault monster count
 F = Vault count percentage of total count
                 A         B        C        D         E       F
            +---------+---------+-------+---------+---------+-------
      Total |     612 |     552 |  47.4 |      73 |       3 |   3.9
            +---------+---------+-------+---------+---------+-------
        D:1 |      23 |       0 |   0.0 |      11 |       0 |   0.0
        D:2 |      42 |     243 |  85.3 |      18 |       1 |   5.3
        D:3 |     107 |     309 |  74.3 |      24 |       2 |   7.7
        D:4 |     440 |       0 |   0.0 |      20 |       0 |   0.0
            +---------+---------+-------+---------+---------+-------

Illustrated notes

Table legend:
 A = Kills in this place as a percentage of kills in entire the game.
 B = Kills by you in this place as a percentage of kills by you in the entire game.
 C = Kills by friends in this place as a percentage of kills by friends in the entire game.
 D = Other kills in this place as a percentage of other kills in the entire game.
 E = Experience gained in this place as a percentage of experience gained in the entire game.
 F = Experience gained in this place divided by the number of levels of this place that you have seen.
                   A       B       C       D       E      F
               +-------+-------+-------+-------+-------+----------------------
         Total | 100.0 | 100.0 |   N/A |   N/A | 100.0 | 291.0
       Dungeon | 100.0 | 100.0 |   N/A |   N/A | 100.0 | 291.0
               +-------+-------+-------+-------+-------+----------------------

Table legend: (Time is in decaauts)
 A = Elapsed time spent in this place.
 B = Non-inter-level travel time spent in this place.
 C = Inter-level travel time spent in this place.
 D = Time resting spent in this place.
 E = Time spent auto-exploring this place.
 F = Levels seen in this place.
 G = Mean time per level.
                   A        B        C        D        E       F      G
               +--------+--------+--------+--------+--------+-----+--------+
         Total |   3236 |   3172 |     64 |      0 |   2726 |   4 |  809.0 |
       Dungeon |   3236 |   3172 |     64 |      0 |   2726 |   4 |  809.0 |
               +--------+--------+--------+--------+--------+-----+--------+

Top non-repeatable levels by time:
     D:3: 1433 daAuts
     D:1: 795 daAuts
     D:2: 626 daAuts
     D:4: 380 daAuts
